 Dungeon Crawl Stone Soup version bcrawl-1.18.1 (webtiles) character file.

Game seed: 4897961065057198835

1785 Morbidden the Ruffian (level 8, -10/75 HPs)
             Began as a Troll Transmuter on Nov 8, 2019.
             Was a Believer of Okawaru.
             Hit by a tomahawk thrown by an orc warrior (14 damage)
             ... on level 6 of the Dungeon.
             The game lasted 00:08:44 (4985 turns).

Morbidden the Ruffian (Troll Transmuter)            Turns: 4985, Time: 00:08:45

Health: -10/75     AC:  7    Str: 19    XL:     8   Next: 81%
Magic:  10/12      EV: 13    Int: 12    God:    Okawaru [**....]
Gold:   354        SH:  0    Dex: 10    Spells: 10/13 levels left

rFire    . . .     SeeInvis .     - Unarmed
rCold    . . .     Gourm    +   (no shield)
rNeg     . . .     Faith    .   (armour unavailable)
rPois    .         Spirit   .   (helmet restricted)
rElec    .         Reflect  .   (no cloak)
rCorr    .         Harm     .   (gloves unavailable)
MR       .....                  (boots unavailable)
Stlth    +++.......             r - amulet of rage
HPRegen  0.62/turn              (no ring)
MPRegen  0.13/turn              (no ring)

@: heroism
A: large, almost no armour, unfitting armour, claws 3, fast metabolism 3,
gourmand, regeneration 1, AC +7
a: Heroism, Renounce Religion, Evoke Berserk Rage


You were on level 6 of the Dungeon.
You worshipped Okawaru.
Okawaru was pleased with you.
You were very full.

You visited 1 branch of the dungeon, and saw 6 of its levels.
You also visited: Ossuary.

You collected 354 gold pieces.

Inventory:

Missiles
 a - 659 arrows
Jewellery
 r - an amulet of rage (around neck)
Scrolls
 e - 3 scrolls of amnesia
 g - 4 scrolls of identify
 h - a scroll of blinking {unknown}
 k - 6 scrolls of teleportation
 o - a scroll of remove curse
 s - 4 scrolls of enchant weapon {unknown}
 x - a scroll of fog {unknown}
Potions
 b - a potion of agility {unknown}
 c - 6 potions of lignification
 f - 5 potions of brilliance {unknown}
 i - 2 potions of cancellation {unknown}
 j - 2 potions of degeneration {unknown}
 l - 3 potions of curing {unknown}
 m - 2 potions of heal wounds {unknown}
 n - 4 potions of resistance {unknown}
 p - 2 potions of might {unknown}
 q - 2 potions of haste {unknown}
 t - a potion of ambrosia {unknown}
 u - a potion of flight {unknown}
 v - a potion of mutation {unknown}
Comestibles
 d - 16 rations {!d}


   Skills:
 * Level 3.3(8.3) Fighting
 + Level 3.8(8.8) Dodging
 + Level 1.2(6.2) Stealth
 + Level 7.3(12.3) Unarmed Combat
 * Level 3.4 Spellcasting
 * Level 3.1 Transmutations
 + Level 2.6 Invocations


You had 10 spell levels left.
You knew the following spells:

 Your Spells              Type           Power        Failure   Level  Hunger
a - Beastly Appendage     Tmut           #.....       7%          1    #......
b - Sticks to Snakes      Tmut           #.......     10%         2    ##.....

Your spell library contained the following spells:

 Spells                   Type           Power        Failure   Level  Hunger
 Spider Form              Tmut/Pois      #..          36%         3    ###....
 Ice Form                 Ice/Tmut       #.......     77%         4    #####..
 Blade Hands              Tmut           #.........   88%         5    ######.


Dungeon Overview and Level Annotations

Branches:
Dungeon (6/12)             Temple (0/1) D:5

Altars:
Lugonu
Makhleb
Okawaru
Uskayaw
Xom
Yredelemnul

Shops:
D:4 [

Annotations:
D:5 2 transporters, dittoslash's ghost, amateur FeMo


Innate Abilities, Weirdness & Mutations

You cannot wear most types of armour.
Your thick skin is tough. (AC +7)
You are too large for most types of armour.
You have claws for hands.
Your metabolism is lightning-fast.
You like to eat raw meat.
Your natural rate of healing is unusually fast.


Message History

Unknown command.
Okay, then.
The orc warrior throws a tomahawk.
The tomahawk hits you!
* * * LOW HITPOINT WARNING * * *
Unknown command.
The orc warrior throws a tomahawk.
The tomahawk barely misses you.
Things that are here:
a +0 dagger; a +0 robe
Okay, then.
The orc warrior throws a tomahawk.
The tomahawk misses you.
You feel like a meek peon again.
Okay, then.
You gain the combat prowess of a mighty hero.
The orc warrior throws a tomahawk.
The tomahawk hits you but does no damage.
The orc hits you from afar with a +0 trident.
* * * LOW HITPOINT WARNING * * *
A scorpion comes into view.
The orc warrior throws a tomahawk.
The tomahawk hits you!
You die...

..#
.......)....#
.?#
......))....#
..#
.###..)....##
#.# ####o...#
.# ####..###
# . #...o## #
#....# .
#o...## .
#@....# .
#......#
#......#
##....... ##
#........ ..
#........ ..
#...s.... ..
....... ##


You could see an orc warrior, a scorpion (wandering) and 2 orcs.

Vanquished Creatures
  Prince Ribbit (D:5)
  A hippogriff (D:5)
  A bullfrog (D:6)
  Blork the orc (D:6)
  5 killer bees (D:5)
  A howler monkey (D:5)
  2 bullfrog zombies (D:5)
  3 crimson imps
  3 centaur zombies (Ossuary)
  An orc priest (D:5)
  3 hounds
  A centaur skeleton (D:6)
  An iguana (D:4)
  6 orc wizards
  2 worker ants (D:5)
  2 ogre zombies (Ossuary)
  7 mummies (Ossuary)
  10 gnolls
  4 adders
  An ooze (D:1)
  3 adder zombies (Ossuary)
  3 worms
  5 dart slugs
  3 leopard geckos
  9 orcs
  6 bats
  6 giant cockroaches
  A gnoll zombie (Ossuary)
  2 goblins
  5 hobgoblins
  5 jackals
  6 kobolds
  6 quokkas
  6 frilled lizards
  4 goblin zombies (Ossuary)
  5 hobgoblin zombies (Ossuary)
  5 kobold zombies (Ossuary)
  A quokka skeleton (D:5)
  4 quokka zombies (Ossuary)
  7 rats
  3 rat zombies (Ossuary)
151 creatures vanquished.

Notes
Turn   | Place    | Note
-------+----------+-------------------------------------------
     0 | D:1      | Morbidden the Troll Transmuter began the quest for the Orb.
     0 | D:1      | Reached XP level 1. HP: 18/18 MP: 2/2
   111 | D:1      | Reached skill level 1 in Fighting
   111 | D:1      | Reached XP level 2. HP: 26/27 MP: 3/3
   524 | D:1      | Reached XP level 3. HP: 33/33 MP: 4/4
  1188 | D:2      | Gained mutation: Your natural rate of healing is unusually
                  | fast. [Troll growth]
  1188 | D:2      | Reached XP level 4. HP: 33/41 MP: 5/5
  1212 | D:2      | Reached skill level 4 in Unarmed Combat
  1365 | D:2      | Found a faded altar of an unknown god.
  1992 | D:3      | Reached XP level 5. HP: 41/48 MP: 5/7
  2179 | D:3      | Found a basalt altar of Yredelemnul.
  2242 | D:3      | Found an iron altar of Okawaru.
  2322 | D:3      | Became a worshipper of Warmaster Okawaru
  2432 | D:3      | Reached skill level 1 in Invocations
  2598 | D:4      | Found Wijiangu's Antique Armour Shop.
  2609 | D:4      | Learned a level 2 spell: Sticks to Snakes
  2800 | D:4      | Found a shimmering altar of Xom.
  2800 | D:4      | Found a burning altar of Makhleb.
  2807 | D:4      | Reached XP level 6. HP: 57/57 MP: 8/8
  2990 | D:4      | Found a hide-covered altar of Uskayaw.
  3032 | D:4      | Found a corrupted altar of Lugonu.
  3245 | D:5      | Entered Level 5 of the Dungeon
  3366 | D:5      | Found a staircase to the Ecumenical Temple.
  3398 | D:5      | Reached skill level 5 in Unarmed Combat
  3417 | D:5      | Reached * piety under Okawaru
  3429 | D:5      | Found a transporter.
  3431 | D:5      | Found a transporter.
  3432 | D:5      | Noticed dittoslash's ghost (amateur FeMo)
  3434 | D:5      | Noticed a hornet
  3579 | D:5      | Found a sand-covered staircase.
  3584 | Ossuary  | Entered an ossuary
  3621 | Ossuary  | Reached XP level 7. HP: 65/65 MP: 9/9
  4081 | D:5      | Noticed Prince Ribbit
  4081 | D:5      | Noticed a hippogriff
  4089 | D:5      | Killed a hippogriff
  4102 | D:5      | Killed Prince Ribbit
  4102 | D:5      | Reached ** piety under Okawaru
  4102 | D:5      | Reached skill level 1 in Stealth
  4102 | D:5      | Reached skill level 6 in Unarmed Combat
  4102 | D:5      | Reached XP level 8. HP: 37/74 MP: 9/11
  4689 | D:6      | Noticed Blork the orc
  4693 | D:6      | Killed Blork the orc
  4693 | D:6      | Reached skill level 7 in Unarmed Combat
  4752 | D:6      | Noticed a slime creature
  4978 | D:6      | HP: 1/75 [orc warrior/tomahawk (8)]
  4985 | D:6      | Hit by a tomahawk thrown by an orc warrior

Skill      XL: |  1  2  3  4  5  6  7  8 |
---------------+-------------------------+-----
Fighting       | 1 2 3 |  3.3
Dodging        | 2 3 |  3.8
Unarmed Combat | 4 5 6 7 |  7.3
Spellcasting   | 2 3 |  3.4
Invocations    | 1 2 |  2.6
Transmutations | 2 3 |  3.1
Stealth        | 1 |  1.2

Action                   |  1- 3 |  4- 6 |  7- 9 || total
-------------------------+-------+-------+-------++-------
Melee: Unarmed           |    96 |   165 |   205 ||   466
       Punch             |     2 |     3 |     6 ||    11
       Kick              |       |     6 |     2 ||     8
       Headbutt          |       |     1 |     3 ||     4
 Cast: Beastly Appendage |       |     6 |     8 ||    14
Invok: Heroism           |       |       |     6 ||     6
  Use: Scroll            |       |     4 |       ||     4
 Stab: Sleeping          |       |     2 |     6 ||     8
  Eat: Chunk             |    13 |    14 |     9 ||    36
Armor: Skin              |    39 |    49 |    64 ||   152
Dodge: Dodged            |    46 |    68 |   110 ||   224
